 Dungeon Crawl Stone Soup version 0.25-a0-479-g8579842fd4 (webtiles) character file.

Game seed: 11103462496686883374, levelgen mode: deterministic

53 ICC the Insei (level 3, -11/18 HPs)
             Began as a Vine Stalker Transmuter on Feb 9, 2020.
             Mangled by a gnoll
             ... wielding a +0 halberd
              (12 damage)
             ... on level 2 of the Dungeon.
             The game lasted 00:04:04 (662 turns).

ICC the Insei (Vine Stalker Transmuter)              Turns: 662, Time: 00:04:04

Health: -11/18     AC:  4    Str: 13    XL:     3   Next: 89%
Magic:  0/7        EV: 12    Int: 13    God:
Gold:   42         SH:  0    Dex: 14    Spells: 3/6 levels left

rFire    . . .     SeeInvis .     - Unarmed
rCold    . . .     Gourm    .   (no shield)
rNeg     . . .     Faith    .   b - +0 robe
rPois    .         Spirit   +   (no helmet)
rElec    .         Reflect  .   (no cloak)
rCorr    .         Harm     .   c - +1 pair of gloves
MR       .....                  (no boots)
Stlth    +.........             (no amulet)
HPRegen  0.06/turn              (no ring)
MPRegen  0.10/turn              (no ring)

@: no status effects
A: fangs 2, magic shield, antimagic bite, no potion heal 3, rot immunity
a: no special abilities


You were on level 2 of the Dungeon.
You were not hungry.

You visited 1 branch of the dungeon, and saw 2 of its levels.

You collected 42 gold pieces.

Inventory:

Missiles
 a - 7 arrows
Armour
 b - a +0 robe (worn)
 c - a +1 pair of gloves (worn)
Comestibles
 d - a ration


   Skills:
 - Level 1.0 Fighting
 - Level 2.0 Dodging
 + Level 3.7 Unarmed Combat
 - Level 2.1 Spellcasting
 - Level 3.0 Transmutations


You had 3 spell levels left.
You knew the following spells:

 Your Spells              Type           Power        Failure   Level  Hunger
a - Beastly Appendage     Tmut           #.....       8%          1    ##.....
b - Sticks to Snakes      Tmut           #.......     11%         2    ###....

Your spell library contained the following spells:

 Spells                   Type           Power        Failure   Level  Hunger
 Spider Form              Tmut/Pois      #.........   38%         3    ####...
 Ice Form                 Ice/Tmut       #.......     80%         4    #####..
 Blade Hands              Tmut           #.........   90%         5    ######.


Dungeon Overview and Level Annotations

Branches:
Dungeon (2/15)

Altars:


Innate Abilities, Weirdness & Mutations

You have extremely sharp teeth.
When hurt, damage is shared between your health and your magic reserves.
Your bite disrupts and absorbs the magic of your enemies.
Potions cannot restore your health.
You are immune to rotting.


Message History

You feel strangely stable. The gnoll barely misses you.
Your ball python barely misses the adder.
Your ball python constricts the adder.
The adder closely misses you.
You hit the gnoll.
The gnoll is heavily wounded.
Your ball python bites the adder.
Your ball python constricts the adder.
The gnoll hits you from afar with a +0 spear.
The adder closely misses your ball python.
You hit the gnoll. You bite the gnoll.
You kill the gnoll!
The adder bites your ball python.
Your ball python dies!
The gnoll hits you but does no damage.
You strike the helpless adder from behind!
You hit the adder.
You kill the adder!
The gnoll barely misses you.
The gnoll hits you from afar with a +0 halberd!
Ouch! That really hurt!
You die...

###.# #...#
#.######## #####
#........#
##########.######
#... #.....##...##
.....##...##.....##
......#..†#.......#
.!....'...'†..g(..#
......#..)#....g@.#
..... #...##)....##
#... #...###...##
### #...# #####
#...# #...# #...#
+...+


You could see 2 gnolls.

Vanquished Creatures
  A gnoll (D:2)
  3 adders (D:2)
  A dart slug (D:1)
  2 leopard geckos
  3 goblins
  2 hobgoblins (D:1)
  3 bats (D:1)
  3 frilled lizards
  2 kobolds (D:1)
  5 rats
25 creatures vanquished.

Notes
Turn   | Place    | Note
-------+----------+-------------------------------------------
     0 | D:1      | ICC the Vine Stalker Transmuter began the quest for the
                  | Orb.
     0 | D:1      | Reached XP level 1. HP: 9/9 MP: 4/4
    33 | D:1      | Reached skill level 1 in Fighting
    79 | D:1      | Reached XP level 2. HP: 13/14 MP: 6/6
   216 | D:1      | Learned a level 2 spell: Sticks to Snakes
   564 | D:2      | Reached XP level 3. HP: 14/18 MP: 3/7
   662 | D:2      | Mangled by a gnoll

Levels and vault maps discovered:
D:1:      minmay_arrival_loop, layout_basic
D:2:      kennysheep_six_static_rooms, layout_basic

Skill      XL: |  1  2  3 |
---------------+----------+-----
Fighting       | 1 |  1.0
Dodging        | 2 |  2.0
Transmutations | 3 |  3.0
Unarmed Combat | |  3.7
Spellcasting   | |  2.1

Action                   || total
-------------------------++-------
Melee: Unarmed           ||    62
       Bite              ||    10
       Kick              ||     4
 Cast: Beastly Appendage ||     4
       Sticks to Snakes  ||     5
  Use: Scroll            ||     1
 Stab: Sleeping          ||     2
       Distracted        ||     1
Armor: Robe              ||    12
Dodge: Dodged            ||    37

Table legend:
 A = Non-vault XP
 B = Vault XP
 C = Vault XP percentage of total XP
 D = Non-vault monster count
 E = Vault monster count
 F = Vault count percentage of total count
                 A         B        C        D         E       F
            +---------+---------+-------+---------+---------+-------
      Total |      56 |      21 |  27.3 |      23 |       2 |   8.0
            +---------+---------+-------+---------+---------+-------
        D:1 |      24 |       0 |   0.0 |      16 |       0 |   0.0
        D:2 |      32 |      21 |  39.6 |       7 |       2 |  22.2
            +---------+---------+-------+---------+---------+-------
